Map: 필러스 오브 골드 - 래더

Players

PtitDrogo - Winner!

  • Race: Protoss Protoss
  • Spawn Location: 7:00

Zest

  • Race: Protoss Protoss
  • Spawn Location: 1:00

Event: StayAtHomestory Cup #2

VOD

Have the link to the VOD?

Description

Time

  • Played on: June 12, 2020, 1:24 p.m.
  • Length: 9:24

All games in this series

Show
View Real Time Build Order
Export as new Build Order

PtitDrogo Protoss - Winner!

Build Orders: Phoenix Opening, Zealot Archon 

Get SALT Encoding   

  12  0:00  Probe  
  13  0:13  Probe  
  14  0:18  Pylon  
  14  0:25  Probe  
  15  0:35  Probe  
  15  0:36  Gateway  
  16  0:43  Probe  
  16  0:49  Assimilator  
  17  0:53  Probe  
  18  0:57  Assimilator  
  18  1:01  Probe  
  18  1:10  Probe  
  19  1:11  Gateway  
  20  1:21  Probe  
  21  1:27  Cybernetics Core  
  21  1:34  Probe  
  21  1:38  Pylon  
  22  1:46  Probe  
  23  2:03  Sentry, Stalker  
  23  2:06  Warp Gate  
  27  2:10  Pylon  
  27  2:11  Probe  
  28  2:31  Sentry  
  30  2:38  Nexus  
  30  2:42  Probe  
  31  2:47  Pylon  
  31  2:50  Sentry, Probe  
  33  2:58  Probe  
  35  3:08  Probe  
  35  3:09  Shield Battery  
  34  3:16  Probe  
  34  3:18  Robotics Facility  
  34  3:24  Probe  
  36  3:34  Probe  
  36  3:35  Phoenix  
  37  3:46  Probe  
  38  3:51  Pylon  
  38  3:54  Stalker x2  
  42  3:59  Probe  
  43  4:03  Probe  
  43  4:05  Forge  
  43  4:08  Immortal  
  44  4:11  Probe  
  44  4:15  Probe  
  46  4:23  Probe  
  51  4:27  Probe, Protoss Ground Weapons Level 1  
  52  4:35  Probe  
  52  4:36  Pylon  
  53  4:39  Probe  
  54  4:47  Immortal, Probe  
  54  4:49  Assimilator  
  54  4:51  Probe, Assimilator  
  60  4:59  Probe  
  61  5:01  Stalker  
  61  5:02  Stalker  
  66  5:14  Probe  
  66  5:15  Probe  
  66  5:16  Warp Prism  
  67  5:26  Probe  
  67  5:28  Probe  
  69  5:31  Twilight Council  
  69  5:43  Gateway  
  69  5:44  Gateway  
  69  5:46  Pylon  
  69  5:47  Gateway  
  69  5:49  Gateway  
  69  5:51  Pylon  
  69  6:01  Charge  
  69  6:02  Observer  
  68  6:06  Gateway  
  68  6:09  Gateway  
  68  6:10  Protoss Ground Weapons Level 2  
  68  6:15  Templar Archives  
  68  6:24  Nexus  
  68  6:25  Pylon  
  68  6:50  Zealot x6  
  68  6:54  Pylon  
  80  7:01  High Templar  
  80  7:03  High Templar  
  80  7:07  Archon  
  84  7:10  Pylon  
  84  7:11  Pylon  
  84  7:19  High Templar  
  84  7:20  High Templar  
  84  7:22  High Templar, Zealot x2  
  94  7:26  Archon  
  94  7:27  High Templar  
  96  7:32  Archon  
  96  7:34  Zealot  
  96  7:36  Zealot  
  98  7:53  High Templar x2  
  98  7:54  Zealot x3  
  98  7:55  Probe x2, Zealot  
  98  7:56  Zealot  
  98  7:57  Archon  
  112  8:00  Zealot  
  114  8:10  Pylon  
  114  8:16  Zealot x4  
  114  8:17  Zealot  
  123  8:22  High Templar  
  123  8:25  High Templar  
  123  8:26  Pylon, Zealot  
  129  8:30  Archon  
  129  8:38  Zealot x5  
  137  8:52  Zealot  
  115  8:57  Zealot  
  115  8:59  Zealot x5  
  113  9:04  Zealot  
  113  9:06  Probe  
  102  9:12  Zealot  
  96  9:17  Zealot  
  96  9:21  Zealot x3  
Show
View Real Time Build Order
Export as new Build Order

Zest Protoss 

Build Orders: Oracle Opening, Zealot Archon 

Get SALT Encoding   

  12  0:01  Probe  
  13  0:13  Probe  
  14  0:18  Pylon  
  14  0:24  Probe  
  15  0:33  Probe  
  15  0:39  Gateway  
  15  0:41  Probe  
  16  0:47  Assimilator  
  17  0:51  Probe  
  17  0:57  Assimilator  
  18  1:00  Probe  
  19  1:08  Probe  
  19  1:09  Gateway  
  19  1:18  Probe  
  21  1:25  Cybernetics Core  
  21  1:30  Probe  
  22  1:36  Pylon  
  22  1:42  Probe  
  23  1:53  Warp Gate  
  23  1:54  Probe  
  24  2:02  Stalker x2  
  28  2:15  Pylon  
  28  2:32  Stalker  
  28  2:33  Stalker  
  32  2:52  Nexus  
  32  3:02  Sentry  
  32  3:03  Sentry  
  36  3:17  Probe, Robotics Facility  
  37  3:20  Pylon  
  37  3:29  Probe  
  37  3:30  Oracle  
  38  3:41  Probe  
  37  3:53  Probe  
  37  3:54  Warp Prism  
  36  4:00  Sentry x2  
  40  4:05  Probe x2  
  44  4:15  Probe  
  44  4:17  Probe  
  44  4:23  Probe  
  46  4:29  Probe  
  46  4:30  Immortal  
  52  4:32  Probe  
  52  4:35  Forge  
  53  4:41  Probe  
  55  4:50  Twilight Council  
  55  4:52  Assimilator  
  55  4:54  Probe, Assimilator  
  55  4:58  Adept x2  
  59  5:01  Pylon  
  59  5:03  Probe  
  59  5:06  Probe  
  61  5:16  Probe  
  61  5:17  Protoss Ground Weapons Level 1  
  61  5:19  Probe  
  63  5:28  Charge  
  63  5:31  Probe x2  
  65  5:39  Pylon  
  65  5:44  Gateway  
  65  5:45  Probe  
  65  5:46  Gateway  
  66  5:51  Templar Archives  
  66  5:53  Adept x2  
  66  6:03  Probe x2  
  62  6:04  Immortal  
  62  6:07  Gateway  
  62  6:08  Gateway  
  62  6:10  Gateway  
  66  6:16  Pylon  
  66  6:24  Zealot, Stalker  
  70  6:32  Shield Battery  
  70  6:34  Pylon  
  66  6:51  Warp Prism  
  66  6:52  Nexus  
  68  6:59  High Templar x4  
  76  7:04  Pylon  
  76  7:06  Archon x2, Zealot  
  76  7:07  Zealot  
  80  7:10  Zealot  
  82  7:18  Gateway, Pylon  
  82  7:20  Observer  
  82  7:28  High Templar x2  
  87  7:32  Archon  
  87  7:33  Zealot x3  
  87  7:35  Shield Battery  
  93  7:54  High Templar x2, Zealot x3  
  93  7:57  Pylon  
  93  7:58  Archon, Shield Battery  
  103  8:02  Observer  
  103  8:03  Zealot x2  
  107  8:18  Zealot x3  
  111  8:25  High Templar  
  111  8:26  High Templar, Zealot x2  
  119  8:30  Archon  
  119  8:40  Zealot x2  
  119  8:41  Zealot  
  123  8:53  Zealot x2  
  123  8:54  Zealot x2  
  101  8:59  Zealot x2  
  101  9:01  Zealot  
  93  9:13  Zealot x3  
  81  9:20  Zealot x2  
Tags
 
Add a new tag
Caveats
  • Supply blocks, unpowered buildings, or Contaminate may cause inaccurate times.
  • Supply counts are checked every 10 seconds.